General information
- name: BNet
- type: Ladder team game (AT/RT)
- host: Battle.net
- saver: Decimation
map: GolemsInTheMist
- players: 8
- length: 40:29
- speed: Fast
- version: 1.26 W3XP
- replay type: Public
» download(252 KB)
Players
team 1 (winner)
mvp12345 (
pink | 79 APM | 2884 actions | 36:37)
5 Death Knight
3 Death Coil
2 Unholy Aura
2 Lich
2 Frost Nova
» actions
| Assign group hotkey | 34 | |
| Basic commands | 382 | |
| Build / train | 58 | |
| Enter build submenu | 21 | |
| Enter hero's abilities submenu | 7 | |
| Give item / drop item | 6 | |
| Right click | 747 | |
| Select / deselect | 424 | |
| Select group hotkey | 1092 | |
| Use ability | 111 | |
2884 total
» units
| Acolyte | 2 | |
| Ghoul | 2 | |
| Crypt Fiend | 11 | |
| Obsidian Statue | 3 | |
| Abomination | 2 | |
| Meatwagon | 1 | |
21 total
» upgrades
| Burrow | 1 | |
| Web | 1 | |
| Creature Attack | 3 | |
| Disease Cloud | 1 | |
| Unholy Armor | 1 | |
| Destroyer Form | 1 | |
8 total
» buildings
| Graveyard | 1 | |
| Crypt | 1 | |
| Ziggurat | 7 | |
| Altar of Darkness | 1 | |
| Tomb of Relics | 1 | |
| Halls of the Dead | 1 | |
| Slaughterhouse | 2 | |
| Black Citadel | 1 | |
| Nerubian Tower | 2 | |
| Spirit Tower | 1 | |
18 total
» build order
00:07 Graveyard
00:08 Crypt
00:39 Ziggurat
01:03 Altar of Darkness
01:26 Tomb of Relics
02:02 Ziggurat
04:06 Halls of the Dead
04:25 Ziggurat
06:42 Slaughterhouse
06:45 Ziggurat
08:05 Black Citadel
08:37 Slaughterhouse
10:00 Ziggurat
10:52 Ziggurat
16:20 Ziggurat
16:47 Nerubian Tower
16:48 Nerubian Tower
17:57 Spirit Tower
» items
| Rod of Necromancy | 7 | |
| Scroll of Town Portal | 2 | |
| Potion of Healing | 1 | |
| Scroll of Healing | 2 | |
| Orb of Corruption | 1 | |
13 total

»
OneNoob (
yellow | 28 APM | 1144 actions | 40:27)
6 Tauren Chieftain
3 Endurance Aura
2 Shockwave
1 Reincarnation
» actions
| Assign group hotkey | 37 | |
| Basic commands | 22 | |
| Build / train | 106 | |
| ESC pressed | 1 | |
| Enter build submenu | 19 | |
| Enter hero's abilities submenu | 6 | |
| Remove unit from queue | 2 | |
| Right click | 459 | |
| Select / deselect | 312 | |
| Select group hotkey | 105 | |
| Use ability | 75 | |
1144 total
» units
| Peon | 24 | |
| Grunt | 4 | |
| Demolisher | 4 | |
| Raider | 5 | |
| Troll Headhunter/Berserker | 7 | |
| Shaman | 2 | |
| Troll Batrider | 15 | |
| Troll Witch Doctor | 2 | |
63 total
» upgrades
| Armor | 3 | |
| Melee Weapons | 1 | |
| Ranged Weapons | 3 | |
| Ensnare | 1 | |
| Burning Oil | 1 | |
| Berserker Upgrade | 1 | |
| Pillage | 1 | |
| Shaman Training | 2 | |
| Reinforced Defenses | 1 | |
| Spiked Barricades | 1 | |
| Witch Doctor Training | 2 | |
17 total
» buildings
| Barracks | 2 | |
| Orc Burrow | 5 | |
| Altar of Storms | 1 | |
| Voodoo Lounge | 1 | |
| War Mill | 1 | |
| Stronghold | 1 | |
| Watch Tower | 6 | |
| Fortress | 1 | |
| Beastiary | 1 | |
| Spirit Lodge | 1 | |
20 total
» build order
00:11 Barracks
00:16 Orc Burrow
01:02 Orc Burrow
01:27 Altar of Storms
02:56 Orc Burrow
03:18 Voodoo Lounge
03:47 War Mill
04:29 Stronghold
05:12 Barracks
05:59 Orc Burrow
06:21 Watch Tower
06:53 Fortress
07:13 Beastiary
08:33 Orc Burrow
11:07 Spirit Lodge
16:48 Watch Tower
16:54 Watch Tower
17:03 Watch Tower
17:11 Watch Tower
17:16 Watch Tower
» items
| Healing Salve | 3 | |
| Scroll of Speed | 2 | |
| Tiny Great Hall | 4 | |
| Scroll of Town Portal | 3 | |
| Orb of Lightning | 1 | |
| Potion of Healing | 2 | |
15 total
Decimation (
blue | 93 APM | 3784 actions | 40:29)
6 Blademaster
3 Wind Walk
3 Critical Strike
» actions
| Assign group hotkey | 116 | |
| Basic commands | 159 | |
| Build / train | 146 | |
| ESC pressed | 13 | |
| Enter build submenu | 48 | |
| Enter hero's abilities submenu | 6 | |
| Give item / drop item | 3 | |
| Right click | 1647 | |
| Select / deselect | 425 | |
| Select group hotkey | 988 | |
| Use ability | 233 | |
3784 total
» units
| Peon | 14 | |
| Grunt | 4 | |
| Goblin Shredder | 4 | |
| Goblin Zeppelin | 15 | |
| Goblin Sapper | 16 | |
| Troll Batrider | 7 | |
| Raider | 1 | |
| Wind Rider | 6 | |
67 total
» upgrades
| Pillage | 1 | |
| Berserker Strength | 1 | |
| Armor | 3 | |
| Reinforced Defenses | 1 | |
| Ranged Weapons | 3 | |
| Liquid Fire | 2 | |
| Troll Regeneration | 1 | |
| Envenomed Spears | 1 | |
| Spiked Barricades | 3 | |
16 total
» buildings
| Orc Burrow | 6 | |
| Altar of Storms | 1 | |
| Barracks | 1 | |
| Voodoo Lounge | 1 | |
| Stronghold | 3 | |
| Beastiary | 2 | |
| Fortress | 4 | |
| War Mill | 1 | |
| Great Hall | 4 | |
| Watch Tower | 27 | |
50 total
» build order
00:14 Orc Burrow
00:51 Altar of Storms
00:54 Barracks
01:28 Orc Burrow
01:51 Voodoo Lounge
02:11 Orc Burrow
03:36 Stronghold
03:37 Stronghold
03:37 Stronghold
03:54 Orc Burrow
03:57 Orc Burrow
05:55 Orc Burrow
06:36 Beastiary
06:38 Beastiary
07:02 Fortress
07:02 Fortress
07:08 War Mill
08:58 Great Hall
08:59 Watch Tower
09:01 Watch Tower
09:03 Great Hall
09:07 Watch Tower
09:45 Watch Tower
09:48 Watch Tower
10:51 Watch Tower
10:51 Watch Tower
10:52 Watch Tower
10:54 Watch Tower
10:55 Watch Tower
11:13 Watch Tower
11:14 Watch Tower
11:37 Watch Tower
11:38 Watch Tower
14:58 Watch Tower
15:00 Watch Tower
15:02 Watch Tower
15:04 Watch Tower
15:09 Watch Tower
21:11 Great Hall
24:43 Great Hall
24:59 Watch Tower
25:00 Watch Tower
25:01 Watch Tower
26:15 Watch Tower
26:16 Watch Tower
26:44 Watch Tower
28:21 Watch Tower
28:24 Watch Tower
» items
| Healing Salve | 4 | |
| Lesser Clarity Potion | 6 | |
| Scroll of Town Portal | 8 | |
| Potion of Mana | 2 | |
| Orb of Lightning | 3 | |
23 total
HulkHogan (
orange | 60 APM | 2411 actions | 40:27)
7 Blademaster
3 Wind Walk
3 Critical Strike
1 Bladestorm
» actions
| Assign group hotkey | 60 | |
| Basic commands | 163 | |
| Build / train | 79 | |
| Enter build submenu | 39 | |
| Enter hero's abilities submenu | 7 | |
| Right click | 925 | |
| Select / deselect | 401 | |
| Select group hotkey | 637 | |
| Use ability | 100 | |
2411 total
» units
| Peon | 9 | |
| Grunt | 4 | |
| Goblin Shredder | 5 | |
| Wind Rider | 11 | |
| Goblin Zeppelin | 2 | |
| Goblin Sapper | 6 | |
| Troll Batrider | 7 | |
44 total
» upgrades
| Reinforced Defenses | 1 | |
| Ranged Weapons | 3 | |
| Armor | 3 | |
| Liquid Fire | 1 | |
| Troll Regeneration | 1 | |
| Envenomed Spears | 1 | |
10 total
» buildings
| Orc Burrow | 6 | |
| Altar of Storms | 1 | |
| Barracks | 1 | |
| Voodoo Lounge | 3 | |
| Stronghold | 4 | |
| War Mill | 2 | |
| Beastiary | 2 | |
| Great Hall | 3 | |
| Fortress | 2 | |
| Watch Tower | 24 | |
48 total
» build order
00:12 Orc Burrow
00:52 Altar of Storms
00:52 Barracks
01:09 Orc Burrow
01:38 Voodoo Lounge
02:49 Stronghold
02:50 Stronghold
02:50 Stronghold
03:31 Orc Burrow
04:06 Orc Burrow
04:53 War Mill
06:00 Beastiary
06:05 Beastiary
07:58 Voodoo Lounge
10:08 Great Hall
14:12 Voodoo Lounge
14:16 Orc Burrow
14:17 Orc Burrow
14:20 Fortress
15:07 Watch Tower
15:08 Watch Tower
15:10 Watch Tower
15:11 Watch Tower
15:13 Watch Tower
15:20 Watch Tower
15:20 Watch Tower
15:20 Watch Tower
15:21 Watch Tower
15:22 Watch Tower
15:28 Watch Tower
18:43 Watch Tower
18:47 Watch Tower
18:50 Watch Tower
18:52 Watch Tower
18:53 Watch Tower
19:02 War Mill
26:21 Great Hall
26:25 Watch Tower
26:26 Watch Tower
26:27 Watch Tower
26:28 Watch Tower
26:29 Watch Tower
26:30 Watch Tower
26:31 Watch Tower
26:33 Watch Tower
28:19 Great Hall
» items
| Healing Salve | 5 | |
| Potion of Healing | 3 | |
| Scroll of Town Portal | 2 | |
| Orb of Lightning | 1 | |
11 total
team 2 (loser)

»
guardmanjones (
teal | 31 APM | 604 actions | 19:44)
3 Demon Hunter
1 Evasion
2 Mana Burn
2 Priestess of the Moon
1 Searing Arrows
1 Trueshot Aura
» actions
| Basic commands | 199 | |
| Build / train | 39 | |
| ESC pressed | 6 | |
| Enter build submenu | 14 | |
| Enter hero's abilities submenu | 5 | |
| Right click | 12 | |
| Select / deselect | 254 | |
| Use ability | 75 | |
604 total
» units
| Wisp | 10 | |
| Archer | 12 | |
| Hippogryph | 4 | |
26 total
» upgrades
| Strength of the Moon | 1 | |
| Hippogryph Taming | 1 | |
| Moon Armor | 2 | |
4 total
» buildings
| Altar of Elders | 1 | |
| Ancient of War | 1 | |
| Moon Well | 6 | |
| Ancient of Wonders | 1 | |
| Tree of Ages | 1 | |
| Hunter's Hall | 1 | |
| Ancient of Wind | 2 | |
13 total
» build order
00:08 Altar of Elders
00:20 Ancient of War
00:35 Moon Well
01:31 Moon Well
02:21 Ancient of Wonders
03:27 Tree of Ages
04:01 Moon Well
04:41 Hunter's Hall
06:17 Ancient of Wind
06:19 Ancient of Wind
08:02 Moon Well
12:06 Moon Well
12:09 Moon Well
» items

»
Opex (
green | 50 APM | 1007 actions | 20:18)
3 Mountain King
2 Storm Bolt
1 Bash
2 Paladin
1 Holy Light
1 Divine Shield
» actions
| Assign group hotkey | 25 | |
| Basic commands | 79 | |
| Build / train | 63 | |
| Enter build submenu | 28 | |
| Enter hero's abilities submenu | 5 | |
| Give item / drop item | 2 | |
| Right click | 403 | |
| Select / deselect | 156 | |
| Select group hotkey | 196 | |
| Use ability | 50 | |
1007 total
» units
| Peasant | 9 | |
| Footman | 5 | |
| Knight | 7 | |
| Siege Engine | 9 | |
30 total
» upgrades
| Defend | 1 | |
| Plating | 3 | |
| Lumber Harvesting | 2 | |
| Masonry | 2 | |
| Animal War Training | 1 | |
| Barrage | 1 | |
| Gunpowder | 2 | |
| Swords | 1 | |
13 total
» buildings
| Altar of Kings | 1 | |
| Farm | 15 | |
| Barracks | 1 | |
| Arcane Vault | 1 | |
| Keep | 1 | |
| Scout Tower | 5 | |
| Lumber Mill | 1 | |
| Arcane Tower | 3 | |
| Guard Tower | 2 | |
| Castle | 1 | |
| Blacksmith | 1 | |
| Workshop | 1 | |
33 total
» build order
00:11 Altar of Kings
00:20 Farm
00:39 Barracks
01:01 Farm
01:34 Farm
01:58 Arcane Vault
02:54 Keep
04:04 Farm
04:07 Scout Tower
04:19 Lumber Mill
04:22 Scout Tower
04:47 Farm
05:28 Arcane Tower
05:30 Guard Tower
06:00 Castle
06:50 Blacksmith
08:10 Workshop
08:37 Farm
08:38 Farm
08:39 Farm
08:42 Farm
09:53 Farm
09:59 Scout Tower
10:14 Scout Tower
10:36 Guard Tower
11:13 Arcane Tower
11:18 Scout Tower
11:54 Arcane Tower
13:33 Farm
13:34 Farm
14:15 Farm
17:25 Farm
» items
| Scroll of Regeneration | 3 | |
| Orb of Fire | 1 | |
| Lesser Clarity Potion | 1 | |
| Potion of Healing | 1 | |
6 total

»
bbq28 (
red | 42 APM | 1210 actions | 28:38)
4 Tauren Chieftain
2 Shockwave
2 Endurance Aura
3 Shadow Hunter
2 Healing Wave
1 Hex
1 Priestess of the Moon
1 Trueshot Aura
» actions
| Assign group hotkey | 17 | |
| Basic commands | 113 | |
| Build / train | 84 | |
| Enter build submenu | 33 | |
| Enter hero's abilities submenu | 8 | |
| Give item / drop item | 1 | |
| Remove unit from queue | 2 | |
| Right click | 218 | |
| Select / deselect | 402 | |
| Select group hotkey | 223 | |
| Use ability | 109 | |
1210 total
» units
| Peon | 17 | |
| Grunt | 8 | |
| Goblin Shredder | 1 | |
| Kodo Beast | 2 | |
| Shaman | 9 | |
| Tauren | 1 | |
| Spirit Walker | 1 | |
| Raider | 2 | |
| Troll Witch Doctor | 2 | |
| Goblin Zeppelin | 1 | |
44 total
» upgrades
| Pillage | 1 | |
| Armor | 2 | |
| Melee Weapons | 3 | |
| Berserker Strength | 1 | |
| Shaman Training | 2 | |
| Ensnare | 1 | |
| War Drums Damage Increase | 1 | |
| Pulverize | 1 | |
| Spirit Walker Training | 2 | |
| Witch Doctor Training | 2 | |
| Reinforced Defenses | 1 | |
17 total
» buildings
| Orc Burrow | 9 | |
| Altar of Storms | 1 | |
| Barracks | 1 | |
| Voodoo Lounge | 1 | |
| War Mill | 1 | |
| Stronghold | 1 | |
| Great Hall | 1 | |
| Spirit Lodge | 1 | |
| Beastiary | 1 | |
| Fortress | 1 | |
| Tauren Totem | 1 | |
| Watch Tower | 9 | |
28 total
» build order
00:25 Orc Burrow
00:34 Altar of Storms
00:53 Barracks
01:09 Orc Burrow
01:50 Voodoo Lounge
02:16 War Mill
03:48 Stronghold
04:46 Orc Burrow
06:54 Great Hall
08:03 Spirit Lodge
08:07 Beastiary
08:13 Fortress
08:36 Orc Burrow
10:56 Orc Burrow
11:11 Tauren Totem
13:18 Watch Tower
13:37 Watch Tower
14:51 Watch Tower
15:01 Watch Tower
15:38 Watch Tower
15:43 Orc Burrow
16:09 Watch Tower
16:14 Watch Tower
16:17 Watch Tower
17:28 Orc Burrow
17:35 Orc Burrow
18:07 Orc Burrow
19:12 Watch Tower
» items
| Healing Salve | 4 | |
| Lesser Clarity Potion | 3 | |
| Scroll of Speed | 1 | |
| Orb of Lightning | 1 | |
9 total
shrek-5-gg-fion (
purple | 69 APM | 2806 actions | 40:27)
5 Blood Mage
3 Flame Strike
2 Banish
» actions
| Assign group hotkey | 31 | |
| Basic commands | 59 | |
| Build / train | 74 | |
| Enter build submenu | 28 | |
| Enter hero's abilities submenu | 5 | |
| Remove unit from queue | 1 | |
| Right click | 1228 | |
| Select / deselect | 377 | |
| Select group hotkey | 904 | |
| Use ability | 99 | |
2806 total
» units
| Peasant | 13 | |
| Goblin Shredder | 2 | |
| Flying Machine | 12 | |
| Goblin Sapper | 1 | |
| Mortar Team | 3 | |
| Gryphon Rider | 4 | |
| Goblin Zeppelin | 1 | |
36 total
» upgrades
| Masonry | 3 | |
| Gunpowder | 2 | |
| Plating | 2 | |
| Flying Machine Bombs | 1 | |
| Swords | 2 | |
| Flare | 1 | |
| Fragmentation Shards | 1 | |
12 total
» buildings
| Altar of Kings | 1 | |
| Farm | 12 | |
| Scout Tower | 26 | |
| Arcane Tower | 2 | |
| Arcane Vault | 1 | |
| Town Hall | 3 | |
| Lumber Mill | 2 | |
| Keep | 1 | |
| Guard Tower | 9 | |
| Blacksmith | 1 | |
| Castle | 1 | |
| Workshop | 4 | |
| Gryphon Aviary | 3 | |
66 total
» build order
00:11 Altar of Kings
00:23 Farm
00:45 Scout Tower
01:13 Arcane Tower
01:17 Farm
01:31 Arcane Vault
02:10 Farm
03:16 Town Hall
03:26 Lumber Mill
03:30 Scout Tower
03:30 Scout Tower
03:31 Scout Tower
03:31 Scout Tower
03:41 Farm
05:31 Keep
05:39 Scout Tower
05:39 Scout Tower
05:40 Scout Tower
05:40 Scout Tower
05:40 Scout Tower
05:41 Scout Tower
05:42 Scout Tower
05:42 Scout Tower
05:42 Scout Tower
05:43 Scout Tower
06:23 Guard Tower
06:49 Guard Tower
06:52 Guard Tower
06:59 Guard Tower
07:04 Guard Tower
07:11 Lumber Mill
07:28 Blacksmith
07:51 Guard Tower
07:57 Castle
08:19 Workshop
08:21 Workshop
08:46 Workshop
09:34 Farm
09:34 Farm
09:35 Farm
09:35 Farm
10:16 Workshop
15:10 Farm
15:10 Farm
15:11 Farm
15:24 Gryphon Aviary
15:54 Farm
15:56 Gryphon Aviary
16:32 Gryphon Aviary
20:36 Scout Tower
20:36 Scout Tower
20:42 Scout Tower
20:42 Scout Tower
20:42 Scout Tower
20:43 Scout Tower
20:44 Scout Tower
20:44 Scout Tower
23:13 Town Hall
24:24 Guard Tower
24:25 Guard Tower
25:39 Scout Tower
25:39 Scout Tower
25:39 Scout Tower
29:36 Arcane Tower
36:00 Town Hall
» items
| Scroll of Town Portal | 4 | |
| Scroll of Regeneration | 2 | |
6 total
Chat log
(00:25 / All) HulkHogan: HEY BROTHERS
(00:28 / All) HulkHogan: WATCHU GONNA DO
(00:38 / All) HulkHogan: WHEN THESE 24 INCH PYTHONS RUN WILD ALL OVER YOU?
(00:49 / Allies) OneNoob: units orcs?
(00:55 / All) shrek-5-gg-fion: leave us alone wierdos
(00:57 / Allies) Decimation: yeah
(00:58 / Allies) HulkHogan: WYVVERNS BROTEHR
(00:59 / All) shrek-5-gg-fion: u scare me
(05:40 / All) HulkHogan: HOW COME I NEVER GET THAT SHIT WHEN i SPAM IT BROTHER
(05:49 / All) Decimation: I have latency hack nigga
(05:53 / All) HulkHogan: OH
(05:57 / All) Decimation: lawl
(06:19 / All) HulkHogan: NOW i GOTTA WAIT 5 EXTRA MINUTES TO CHOP DOWN TREES
(06:25 / All) HulkHogan: AND CAN'T CREEP
(06:26 / All) Decimation: I gave you 400 wood as compensation bro
(07:07 / All) HulkHogan: I should have just went creeping
(07:23 / Allies) OneNoob: all come
(08:17 / Allies) Decimation: I got mid left expo
(09:52 / Allies) HulkHogan: Wish you had let me get first fucking shredder
(10:00 / Allies) Decimation: I gave you 400 wood
(10:03 / Allies) Decimation: you could have asked for more
(10:06 / Allies) HulkHogan: It's not the wood
(10:16 / Allies) HulkHogan: you set me back a shitlaod
(10:18 / Allies) HulkHogan: in general
(10:22 / Allies) Decimation: It isn't my fault you didn't want to creep
(10:29 / Allies) HulkHogan: I was waiting for shreddar
(10:33 / Allies) Decimation: you had a burrow there
(10:44 / Allies) HulkHogan: Alright dude
(10:45 / Allies) HulkHogan: wtf
(10:45 / Allies) OneNoob: can u guys hit bottom..i need a distraction
(11:26 / Allies) HulkHogan: does red mph
(11:57 / Allies) HulkHogan: you went creeping cuz you knew you'd get shreddar
(12:00 / Allies) HulkHogan: from latency hack
(12:06 / Allies) Decimation: That wasn't even on my mind
(12:12 / Allies) Decimation: I just figured I'd give you wood
(12:17 / All) HulkHogan: JESUS FUCKING CHRSTI
(12:43 / Allies) OneNoob: teal down
(12:46 / All) HulkHogan: They have mh
(12:53 / All) HulkHogan: I should have just alt qqed
(13:01 / All) HulkHogan: Got all these dumb faggots outside my base
(13:35 / Allies) HulkHogan: why did you need the shredder
(13:36 / Allies) HulkHogan: you have 25 food
(13:46 / Allies) Decimation: You have 2k wood that's more than me
(13:53 / Allies) HulkHogan: yeah I have units
(13:54 / Allies) Decimation: it isn't my fault you ddin't want to creep
(14:04 / Allies) HulkHogan: With your MH you see they have all that shit outside my base
(14:06 / Allies) HulkHogan: no units or warning
(14:19 / Allies) Decimation: I just want to use 1 hero and not pay much attention
(14:23 / Allies) Decimation: and tower up
(14:49 / All) HulkHogan: fucking mh faggot
(15:40 / All) HulkHogan: Don't even try to tell me one of you doesn't have MH
(17:22 / Allies) HulkHogan: gold
(18:02 / All) HulkHogan: why do you keep going for my base
(18:34 / Allies) HulkHogan: I can't even leave my base
(18:41 / All) shrek-5-gg-fion: lol
(18:43 / All) shrek-5-gg-fion: rofl
(18:55 / All) shrek-5-gg-fion: told u teal
(19:58 / All) shrek-5-gg-fion: which teamamte was hacking?
(20:13 / All) Opex: hes tk
(20:21 / All) shrek-5-gg-fion: lol
(21:36 / Allies) OneNoob: need melee
(23:18 / All) HulkHogan: green mh?
(23:28 / All) Decimation: fucking clicked that tp
(23:31 / All) HulkHogan: came to get my injured units lawl
(23:32 / All) Decimation: I wish bnet had 0 latency
(23:45 / All) Decimation: can only get down to fucking 125 with latency hack from the builtin, it's so bullshit
(23:57 / Allies) Decimation: gold
(24:15 / Allies) Decimation: Gold me, I don't have a mining base
(24:43 / Allies) Decimation: ty
(26:50 / Allies) HulkHogan: I got crit strike 3 instead of bladestorm
(27:24 / Allies) Decimation: gold
(27:27 / All) HulkHogan: one of them def mh
(27:36 / All) Decimation: red is only one left
(27:43 / All) HulkHogan: red mh
(27:44 / Allies) Decimation: gold
(27:51 / All) HulkHogan: see how they went for that expoi?
(27:56 / All) HulkHogan: he got them in a zep
(27:59 / All) HulkHogan: to try to prevent it
(28:05 / Allies) Decimation: ty yellow
(29:21 / All) shrek-5-gg-fion: green hacked too i think
(29:25 / All) HulkHogan: They were camping my base everytime I tried to leave it
(30:07 / All) Decimation: LOL
(30:14 / All) HulkHogan: bad luck mate
(30:14 / All) Decimation: into the death pit
(30:26 / All) shrek-5-gg-fion: pink was trying hard as hell to burrow his fiends
(30:28 / All) Decimation: I love when they do that
(30:49 / All) HulkHogan: why did your team keep trying to attack my base
(31:40 / Allies) OneNoob: ready?
(31:46 / Allies) OneNoob: got wards mastered
(31:48 / Allies) Decimation: yeah I'm hitting
(32:12 / Allies) HulkHogan: bad luck mate
(32:21 / Allies) HulkHogan: I meant I was ready to sapper your expansion
(32:24 / Allies) OneNoob: wtf r u doing
(32:43 / Allies) OneNoob: blue wtf..i even fed you
(32:50 / Allies) HulkHogan: Et tu, blue?
(32:58 / Allies) Decimation: It's nothing personal
(33:00 / Allies) Decimation: You simply must die
(33:08 / Allies) Decimation: It's all business, if you understand
(33:15 / Allies) OneNoob: youre a tard..i helped you and you screwd me
(33:22 / Allies) HulkHogan: Thems the breaks
(33:38 / Allies) Decimation: From where you're kneeling it must look like an 18-karat turn of bad luck
(33:40 / Allies) Decimation: But the truth is
(33:45 / Allies) Decimation: The game was rigged from the start
(34:40 / All) HulkHogan: RUN RUNNER
(35:59 / All) HulkHogan: bad luck mate
(36:02 / All) Decimation: Poor yellow
(36:21 / Allies) OneNoob: i will remember both of you...and my long list of friends
(36:38 / All) HulkHogan: lol
(36:56 / All) HulkHogan: Remember the name of HULK HOGAN
(37:06 / All) HulkHogan: This the heel turn, on this day HOLLYWOOD HOGAN is born!
(37:06 / All) shrek-5-gg-fion: im starting to think more than 50% of players hack now
(37:13 / All) Decimation: You know what I'm looking at right now, yellow?
(37:14 / All) Decimation: DECIMATION!
(37:17 / All) HulkHogan: There's at least one every game
(37:31 / All) shrek-5-gg-fion: who do u think was hacking on our team if u ahd to pick
(37:43 / All) HulkHogan: green adn red were hacking on yoru team
(37:46 / All) HulkHogan: possibly teal too lawl
(38:08 / All) HulkHogan: Red definitely was
(38:11 / All) HulkHogan: and so was green
(38:18 / All) HulkHogan: I'm at least 90% sure on both of them
(38:31 / All) HulkHogan: Teal I'd say good chance he was hacking too so actually I think you had 3 hackers on yoru team alone
(38:35 / All) Decimation: bad idea for that zeppelin lawl
(38:41 / All) Decimation: and then there was me
(38:42 / All) shrek-5-gg-fion: i realize that now father
(38:44 / All) Decimation: 1/2 a game hacking
(38:45 / Allies) OneNoob: teal wasnt hacking - i wasted his base too easy
(38:50 / All) Decimation: I couldn't get any good harass done this game
(39:05 / All) Decimation: I thought Bob might stab me lawl
(39:08 / All) HulkHogan: Not getting that shredder fuckedm e up good
(39:10 / All) Decimation: he was pissed I took the first shredder
(39:18 / All) Decimation: To be fair it ain't my fault your army sat around for it
(39:19 / All) HulkHogan: I was considering alt qqing
(39:21 / All) Decimation: you had a burrow there
(39:31 / All) Decimation: altqqing from losing a shredder, what are you trying to be, me
(39:33 / All) HulkHogan: I was setting around to take the expansion
(39:37 / All) shrek-5-gg-fion: i guess green teal and red tked each other at some point
(39:41 / All) shrek-5-gg-fion: it was kind of juvenile
(39:45 / All) HulkHogan: When yo ugot the shredder I could cut the trees
(39:58 / All) OneNoob: blue and orange tkd me and pink
(40:05 / All) HulkHogan: You don't say
(40:14 / Allies) Decimation: think that's last building
(40:22 / All) HulkHogan: What really set me over the edge was the fact that jake's team
(40:26 / All) HulkHogan: was there every time I tried to leave my basee